 Dungeon Crawl Stone Soup version 0.31.0-9-g3a7656b989 (webtiles) character file.

Game seed: 1807191002232786502

189 qw the Skirmisher (level 5, 0/29 HPs)
             Began as a Deep Elf Hunter on Feb 2, 2024.
             Slain by an orc wizard
             ... wielding a +0 dagger
              (1 damage)
             ... on level 4 of the Dungeon.
             The game lasted 00:00:07 (1769 turns).

qw the Skirmisher (Deep Elf Hunter)                 Turns: 1769, Time: 00:00:08

Health: 0/29       AC:  5    Str: 10    XL:     5   Next: 40%
Magic:  7/7        EV: 12    Int: 14    God:
Gold:   98         SH:  0    Dex: 18    Spells: 4/4 levels left

rFire   + . .        a - +0 shortbow
rCold   . . .        (shield currently unavailable)
rNeg    + . .        j - +1 leather armour {rF+}
rPois   .            (no helmet)
rElec   .            (no cloak)
rCorr   .            d - +0 pair of gloves
SInv    .            (no boots)
Will    .....        (no amulet)
Stlth   ++           b - ring of positive energy
HPRegen 0.24/turn    (no ring)
MPRegen 0.10/turn

%: no passive effects
@: about to teleport
A: no striking features
a: no special abilities


You were on level 4 of the Dungeon.
You visited 1 branch of the dungeon, and saw 4 of its levels.

You collected 98 gold pieces.


   Skills:
 - Level 1.5 Fighting
 + Level 8.9 Ranged Weapons
 - Level 2.4 Dodging
 - Level 1.2 Stealth


You had 4 spell levels left.
You didn't know any spells.
Your spell library was empty.

Inventory:

Hand Weapons
 a - a +0 shortbow (weapon)
Armour
 d - a +0 pair of gloves (worn)
 g - a +0 ring mail
 j - a +1 leather armour of fire resistance (worn)
Jewellery
 b - a ring of positive energy (left hand)
Wands
 h - a wand of digging (5)
Potions
 e - a potion of might
 f - a potion of heal wounds {unknown}

Dungeon Overview and Level Annotations

Branches:
Dungeon (4/15)
 Temple: D:4-7

Altars:
Qazlal


Message History

You shoot an arrow.
The arrow hits the orc priest but does no damage.
The orc priest is severely wounded.
An orc wizard comes into view. It is wielding a +0 dagger.
You shoot an arrow. The orc wizard shouts!
The arrow hits the orc.
You kill the orc!
The orc priest calls down the wrath of Beogh upon you.
Beogh smites you!
You shoot an arrow.
The arrow closely misses the orc priest.
The orc priest miscasts a cantrip.
You shoot an arrow. The arrow hits the orc priest.
The orc priest is almost dead.
The orc priest miscasts a cantrip.
You shoot an arrow. The arrow hits the orc priest.
You kill the orc priest!
The orc priest invokes the aid of Beogh against you.
Beogh smites you!
1765 ||| READING scroll of teleportation.
As you read the scroll of teleportation, it crumbles to dust.
You feel strangely unstable.
The orc priest looks satisfied for a moment.
You shoot an arrow. The arrow barely misses the orc wizard.
The arrow hits the orc priest!
The orc priest is heavily wounded.
The orc priest begins to cast a cantrip, but forgets the words!
You shoot an arrow. The arrow barely misses the orc wizard.
The arrow hits the orc priest but does no damage.
The orc priest is heavily wounded.
You shoot an arrow. The arrow hits the orc wizard.
The orc wizard is lightly wounded.
The orc wizard casts a spell at you. The puff of flame hits you. You resist.
You shoot an arrow.
The arrow closely misses the orc wizard.
The arrow closely misses the orc priest.
The orc wizard hits you with a +0 dagger.
You die...

......##.. ##
##......... #.#.
........ .
#...##...... .# #..#
.....##... . #..#
#......... ...
##<###........#
.....#..#...@....?..
o.....).......o......
..#....####...o....##
#).). ###.##)..#
...... ...#.)##
.....). ...# ...
..).... .##. ..$
.###... .. .. ... #.


You could see an orc priest and an orc wizard.

Vanquished Creatures
  A hound (D:3)
  An orc priest (D:4)
  Jessica (D:2)
  3 gnolls
  2 adders
  3 orcs (D:4)
  4 ball pythons
  6 endoplasms
  3 giant cockroaches
  6 hobgoblins
  5 kobolds
  4 quokkas
  4 bats
  3 frilled lizards (D:1)
  7 goblins
  6 rats
59 creatures vanquished.

Notes
Turn   | Place    | Note
-------+----------+-------------------------------------------
     0 | D:1      | qw the Deep Elf Hunter began the quest for the Orb.
     0 | D:1      | Reached XP level 1. HP: 12/12 MP: 3/3
     0 | D:1      | 0 ||| qw: Version: 0.3-a-155-g5e7d8dd
     0 | D:1      | 0 ||| qw: Game counter: 88
     0 | D:1      | 0 ||| qw: Melee chars always use a shield: true
     0 | D:1      | 0 ||| qw: God list: Okawaru
     0 | D:1      | 0 ||| qw: Allow faded altars: false
     0 | D:1      | 0 ||| qw: Do Orc after clearing Dungeon:15 true
     0 | D:1      | 0 ||| qw: Do second Lair branch before Depths: true
     0 | D:1      | 0 ||| qw: Lair rune preference: random
     0 | D:1      | 0 ||| qw: Goals: Normal
     0 | D:1      | 0 ||| PLANNING D:1-11
    84 | D:1      | Reached XP level 2. HP: 16/16 MP: 4/4
   100 | D:1      | Reached skill level 6 in Ranged Weapons
   107 | D:1      | Found a faded altar of an unknown god.
   394 | D:1      | 394 ||| UPGRADING to +0 pair of gloves.
   399 | D:1      | 399 ||| UPGRADING to +0 scale mail.
   409 | D:1      | 409 ||| DROPPING +0 leather armour.
   410 | D:1      | 410 ||| UPGRADING to +0 ring mail.
   420 | D:1      | 420 ||| DROPPING +0 scale mail.
   428 | D:1      | 428 ||| READING scroll labelled TEENUPIAR.
   447 | D:1      | 447 ||| DROPPING scroll of butterflies.
   591 | D:2      | Noticed Jessica
   596 | D:2      | Killed Jessica
   597 | D:2      | Reached skill level 7 in Ranged Weapons
   597 | D:2      | Reached XP level 3. HP: 20/20 MP: 5/5
   788 | D:2      | Reached XP level 4. HP: 24/25 MP: 6/6
  1099 | D:2      | 1099 ||| UPGRADING to ring of positive energy.
  1100 | D:2      | 1100 ||| READING scroll labelled FEL JOSAL ROAX.
  1100 | D:2      | 1100 ||| IDENTIFYING ruby potion
  1226 | D:3      | Found a stormy altar of Qazlal.
  1632 | D:3      | 1632 ||| UPGRADING to +1 leather armour of fire resistance.
  1642 | D:3      | 1642 ||| DROPPING ring of wizardry.
  1643 | D:3      | 1643 ||| READING scroll labelled UMUTU JEIGORIL.
  1644 | D:3      | 1644 ||| READING scroll labelled REYDERCH JEUT.
  1657 | D:4      | 1657 ||| RETREEEEATING.
  1659 | D:4      | 1659 ||| STAIRDANCE
  1672 | D:3      | Reached skill level 8 in Ranged Weapons
  1696 | D:4      | 1696 ||| STAIRDANCE
  1728 | D:4      | 1728 ||| STAIRDANCE
  1738 | D:3      | Reached XP level 5. HP: 29/29 MP: 7/7
  1764 | D:4      | HP: 3/29 [orc priest/divine providence (13)]
  1765 | D:4      | 1765 ||| READING scroll of teleportation.
  1768 | D:4      | HP: 1/29 [orc wizard/puff of flame (3)]
  1769 | D:4      | Slain by an orc wizard

Levels and vault maps discovered:
D:1:      lightli_molten_gateway, layout_rooms, basic_ecumenical_altar
D:2:      layout_loops_cross, uniq_jessica
D:3:      layout_loops_ring, mainiacjoe_overflow_brackets
D:4:      layout_cave_pools, nicolae_ru_the_path_less_chosen, elyvilon_altar_5

Skill      XL: |  1  2  3  4 |
---------------+-------------+-----
Ranged Weapons | 7 8 |  8.9
Fighting       | |  1.5
Dodging        | |  2.4
Stealth        | |  1.2

Action                     |  1- 3 |  4- 6 || total
---------------------------+-------+-------++-------
   Fire: Shortbow          |    98 |    94 ||   192
    Use: Scroll            |     1 |     4 ||     5
 Armour: Leather armour    |     8 |    19 ||    27
         Ring mail         |     7 |     7 ||    14
  Dodge: Dodged            |    19 |    34 ||    53

Table legend:
 A = Non-vault XP
 B = Vault XP
 C = Vault XP percentage of total XP
 D = Non-vault monster count
 E = Vault monster count
 F = Vault count percentage of total count
                 A         B        C        D         E       F
            +---------+---------+-------+---------+---------+-------
      Total |     234 |      37 |  13.7 |      58 |       1 |   1.7
            +---------+---------+-------+---------+---------+-------
        D:1 |      31 |       0 |   0.0 |      21 |       0 |   0.0
        D:2 |      43 |      37 |  46.2 |      19 |       1 |   5.0
        D:3 |      83 |       0 |   0.0 |      11 |       0 |   0.0
        D:4 |      77 |       0 |   0.0 |       7 |       0 |   0.0
            +---------+---------+-------+---------+---------+-------
